Map: Cyber Forest LE

Players

HighHeathen

  • Race: Protoss Protoss
  • League: Platinum
  • Spawn Location: 11:00

ABACABB - Winner!

  • Race: Terran Terran
  • League: Platinum
  • Spawn Location: 5:00

VOD

Have the link to the VOD?

Description

Time

  • Played on: July 22, 2019, 5:10 a.m.
  • Length: 13:18
Show
View Real Time Build Order
Export as new Build Order

HighHeathen Protoss 

Build Orders: 1 Gate Expand, Oracle Opening 

Get SALT Encoding   

  12  0:01  Probe  
  13  0:13  Probe  
  14  0:19  Pylon  
  14  0:25  Probe  
  15  0:33  Probe  
  15  0:42  Gateway  
  16  0:43  Probe  
  17  0:50  Assimilator  
  17  0:55  Probe  
  18  1:10  Probe  
  19  1:22  Probe  
  20  1:30  Nexus  
  20  1:37  Probe  
  21  1:44  Cybernetics Core  
  21  1:50  Assimilator  
  21  1:52  Probe  
  22  1:59  Pylon  
  22  2:04  Probe  
  23  2:15  Adept  
  23  2:17  Probe  
  26  2:28  Stargate  
  26  2:35  Warp Gate  
  26  2:40  Probe  
  27  2:45  Probe  
  28  2:52  Probe  
  29  2:59  Stalker  
  29  3:01  Oracle, Probe  
  29  3:02  Probe  
  33  3:09  Probe  
  33  3:10  Probe  
  36  3:19  Probe  
  38  3:23  Pylon  
  37  3:42  Oracle  
  40  3:53  Gateway  
  40  3:54  Gateway  
  40  3:55  Gateway  
  40  4:00  Pylon  
  40  4:16  Robotics Facility  
  40  4:27  Stalker  
  42  4:32  Probe x2  
  42  4:35  Assimilator  
  42  4:37  Assimilator  
  44  4:42  Forge  
  44  4:43  Oracle  
  44  4:44  Probe x2  
  49  4:56  Stalker x2, Probe x2  
  55  5:00  Zealot x2  
  59  5:08  Probe  
  60  5:16  Pylon  
  60  5:18  Pylon  
  60  5:19  Pylon  
  54  5:41  Immortal  
  58  5:44  Protoss Ground Weapons Level 1  
  58  6:04  Twilight Council  
  58  6:08  Probe  
  58  6:09  Stalker x4, Probe  
  66  6:17  Probe x2  
  68  6:20  Observer  
  71  6:25  Probe  
  71  6:26  Probe  
  73  6:32  Blink  
  73  6:36  Shield Battery  
  73  6:37  Probe  
  73  6:38  Probe  
  75  6:41  Immortal  
  79  6:50  Probe x2  
  81  6:54  Templar Archives  
  81  7:12  Nexus  
  81  7:13  Pylon  
  81  7:21  Pylon  
  81  7:25  Pylon  
  81  7:34  Forge  
  81  7:45  Probe x2  
  81  7:47  Psionic Storm  
  81  7:51  High Templar x3  
  89  7:53  Protoss Ground Armor Level 1  
  89  7:56  High Templar  
  89  7:57  Probe x2  
  93  8:09  Probe  
  94  8:25  Probe x3  
  97  8:28  Zealot x3  
  103  8:37  Probe x2  
  103  8:38  Gateway x2  
  105  8:42  Phoenix  
  105  8:44  Gateway  
  107  8:57  Protoss Ground Weapons Level 2  
  107  8:59  Probe x3  
  110  9:04  Charge  
  110  9:24  Probe x2  
  110  9:25  Probe  
  110  9:27  Assimilator  
  110  9:29  Assimilator  
  113  9:39  Stalker x6  
  113  9:41  Nexus  
  113  9:43  Pylon  
  125  9:45  Pylon  
  125  9:49  Pylon  
  125  9:52  Pylon  
  125  9:55  Pylon  
  125  10:01  Immortal  
  125  10:04  Robotics Facility  
  129  10:34  Protoss Ground Armor Level 2, Zealot x4  
  129  10:35  Zealot x3  
  143  10:41  Immortal  
  147  10:55  Gateway  
  147  10:58  Gateway  
  147  11:02  Probe  
  147  11:03  Gateway, Probe x2  
  147  11:11  Probe x3  
  150  11:17  High Templar x2  
  157  11:18  High Templar  
  157  11:19  High Templar, Probe  
  157  11:20  Immortal, Probe  
  167  11:32  Robotics Bay  
  167  12:03  Assimilator  
  167  12:13  Zealot x3  
  167  12:14  Zealot x3  
  179  12:19  Assimilator  
  179  12:33  Pylon  
  177  12:37  Pylon  
  177  12:42  Pylon  
  175  12:47  Stalker  
  175  12:48  Stalker  
  97  13:06  Archon  
Show
View Real Time Build Order
Export as new Build Order

ABACABB Terran - Winner!

Build Orders: 2 Factory, Mech 

Get SALT Encoding   

  12  0:00  SCV  
  13  0:13  SCV  
  14  0:17  Supply Depot  
  14  0:25  SCV  
  15  0:35  Refinery  
  15  0:39  SCV  
  16  0:45  Barracks  
  16  0:51  SCV  
  17  1:03  SCV  
  18  1:15  SCV  
  19  1:27  SCV  
  20  1:32  Marine  
  20  1:36  Command Center  
  20  1:39  SCV  
  22  1:51  Supply Depot  
  22  1:56  Orbital Command  
  22  2:03  Marine  
  23  2:21  Factory  
  23  2:23  Refinery, SCV  
  23  2:26  Marine  
  25  2:37  SCV  
  26  2:45  Barracks Reactor  
  26  2:49  Orbital Command  
  26  2:50  SCV  
  27  2:53  Factory  
  27  3:02  SCV  
  28  3:06  Factory Tech Lab  
  28  3:16  Orbital Command  
  28  3:19  SCV  
  29  3:21  Marine  
  29  3:22  Marine  
  31  3:31  Command Center  
  31  3:48  SCV x2  
  32  3:56  Bunker, Siege Tank, Factory Reactor  
  32  3:57  Marine x2  
  32  4:02  SCV  
  38  4:05  Supply Depot  
  38  4:12  SCV  
  38  4:15  Marine x2  
  41  4:20  SCV, Engineering Bay  
  42  4:24  SCV  
  42  4:28  Siege Tank  
  46  4:35  SCV  
  46  4:37  SCV  
  48  4:49  Missile Turret  
  48  4:53  Missile Turret  
  48  4:55  Hellion x2, Orbital Command  
  52  5:01  SCV x2  
  52  5:02  Missile Turret  
  52  5:04  Siege Tank  
  57  5:08  Missile Turret  
  57  5:15  SCV x2  
  57  5:17  Refinery  
  57  5:18  Marine x2  
  57  5:19  Refinery  
  63  5:21  Hellion x2  
  63  5:43  SCV x2  
  65  5:53  SCV  
  65  5:54  Siege Tank  
  69  6:02  Armory  
  69  6:05  Armory  
  69  6:07  Supply Depot  
  69  6:23  Supply Depot  
  69  6:24  Supply Depot  
  69  6:28  SCV x3  
  69  6:29  Hellion x2  
  76  6:35  Marine  
  77  6:45  SCV x2  
  77  6:46  Factory  
  79  6:48  Factory  
  79  6:51  Sensor Tower  
  79  7:01  Terran Vehicle Weapons Level 1, Terran Vehicle And Ship Armor Level 1  
  79  7:06  Orbital Command  
  79  7:07  Sensor Tower  
  79  7:13  Hellion x2  
  83  7:17  Ghost Academy  
  83  7:23  SCV x2  
  83  7:26  Siege Tank  
  88  7:33  SCV  
  88  7:35  SCV, Factory Reactor, Factory Tech Lab  
  90  7:47  Factory x2  
  90  7:54  SCV  
  90  7:55  SCV x2  
  93  8:01  Missile Turret  
  93  8:05  Sensor Tower  
  93  8:08  Nuke  
  93  8:11  Ghost Academy  
  93  8:25  Supply Depot  
  93  8:26  Barracks Tech Lab, Supply Depot x2  
  93  8:30  Supply Depot  
  93  8:35  Refinery  
  93  8:36  Refinery  
  93  8:45  Nuke  
  93  8:46  SCV x2  
  93  8:47  Hellion x3, SCV  
  93  8:48  Hellion x3  
  108  8:51  Personal Cloaking  
  108  8:52  Supply Depot  
  108  8:53  Factory Reactor, Factory Tech Lab  
  110  9:03  SCV x3  
  113  9:11  Missile Turret  
  113  9:12  Command Center  
  113  9:13  Missile Turret  
  113  9:14  Hellion  
  113  9:15  Hellion x3  
  121  9:18  Unknown  
  123  9:32  Hellion x4  
  131  9:38  Terran Vehicle Weapons Level 2  
  131  9:47  Unknown, Sensor Tower  
  133  10:04  Supply Depot x2  
  133  10:05  Supply Depot  
  133  10:07  Supply Depot  
  133  10:15  Unknown  
  133  10:24  SCV, Thor x2  
  133  10:25  SCV x2, Thor  
  133  10:26  Hellion x6  
  168  10:35  Missile Turret  
  168  10:38  SCV x2  
  168  10:39  SCV  
  171  10:45  Terran Vehicle And Ship Armor Level 2  
  171  10:52  Unknown  
  171  10:55  SCV x3  
  176  11:05  Refinery  
  176  11:07  Refinery  
  176  11:08  Orbital Command  
  176  11:09  Missile Turret  
  176  11:13  Hellion x2  
  180  11:21  Unknown  
  180  11:24  Supply Depot  
  180  11:39  Command Center  
  180  11:45  Thor  
  188  11:48  Supply Depot  
  188  12:03  Command Center  
  188  12:09  SCV x2  
  188  12:10  Hellion x3, Supply Depot  
  188  12:14  Unknown  
  196  12:32  Hellion, SCV  
  199  12:54  Hellion  
Tags
 
Add a new tag
Caveats
  • Supply blocks, unpowered buildings, or Contaminate may cause inaccurate times.
  • Supply counts are checked every 10 seconds.